Map: Frozen Temple

Players

Miszu

  • Race: Terran Terran
  • League: Grandmaster

llllllllllll (souL) - Winner!

  • Race: Protoss Protoss
  • League: Grandmaster

VOD

Have the link to the VOD?

Description

Time

  • Played on: May 23, 2016, 4:12 p.m.
  • Length: 4:39
Show
View Real Time Build Order
Export as new Build Order

Miszu Terran 

Build Orders:  

Get SALT Encoding   

  12  0:00  SCV  
  13  0:12  SCV  
  14  0:18  Supply Depot  
  14  0:24  SCV  
  15  0:40  SCV  
  15  0:41  Barracks  
  16  0:52  SCV  
  17  1:04  SCV  
  18  1:15  Command Center  
  19  1:28  Orbital Command  
  19  1:29  Marine  
  19  1:44  Barracks  
  19  1:52  Barracks  
  19  1:53  Marine  
  20  1:55  SCV  
  21  2:08  SCV  
  22  2:11  Marine  
  23  2:17  Refinery x2  
  23  2:27  SCV  
  23  2:29  Marine, Orbital Command  
  25  2:38  Marine  
  25  2:39  Marine, SCV  
  28  2:46  Marine  
  28  2:51  SCV  
  30  2:52  Supply Depot  
  30  2:56  Barracks Tech Lab  
  30  2:57  SCV  
  31  3:02  Marine  
  31  3:03  SCV  
  33  3:08  Marine  
  33  3:09  SCV  
  35  3:15  SCV  
  35  3:17  Marine  
  37  3:20  Marine  
  37  3:21  SCV  
  37  3:26  Marine  
  40  3:27  SCV  
  40  3:29  Factory  
  40  3:33  SCV  
  42  3:35  Marine  
  42  3:38  Supply Depot, Marine  
  42  3:39  SCV  
  45  3:43  Marine  
  46  3:48  Refinery  
  46  3:52  Engineering Bay  
  46  3:55  SCV  
  46  3:59  Marine x2, SCV  
  46  4:01  Marine  
  50  4:07  SCV  
  51  4:11  SCV  
  52  4:17  Marine x2  
  52  4:18  Starport  
  52  4:19  SCV  
Show
View Real Time Build Order
Export as new Build Order

llllllllllll Protoss - Winner!

Build Orders: 1 Gate Expand, Oracle Opening 

Get SALT Encoding   

  12  0:01  Probe (Chrono Boost)  
  13  0:12  Probe (Chrono Boost)  
  14  0:18  Pylon  
  14  0:23  Probe (Chrono Boost)  
  15  0:36  Probe (Chrono Boost)  
  15  0:38  Gateway  
  16  0:46  Probe (Chrono Boost)  
  17  0:52  Assimilator  
  17  0:57  Probe (Chrono Boost)  
  18  1:08  Probe (Chrono Boost)  
  20  1:18  Probe (Chrono Boost)  
  20  1:27  Nexus  
  20  1:34  Cybernetics Core  
  20  1:36  Probe (Chrono Boost)  
  21  1:42  Assimilator  
  22  1:47  Probe (Chrono Boost)  
  22  1:52  Pylon  
  22  1:57  Probe (Chrono Boost)  
  23  2:11  Adept (Chrono Boost), Mothership Core (Chrono Boost)  
  27  2:18  Pylon  
  27  2:21  Warp Gate  
  27  2:29  Probe (Chrono Boost)  
  28  2:38  Probe (Chrono Boost)  
  28  2:41  Adept (Chrono Boost), Probe (Chrono Boost)  
  32  2:49  Probe (Chrono Boost)  
  32  2:50  Stargate  
  33  2:54  Probe (Chrono Boost)  
  34  3:00  Probe (Chrono Boost)  
  34  3:04  Probe (Chrono Boost)  
  36  3:10  Adept, Probe (Chrono Boost)  
  39  3:15  Probe (Chrono Boost)  
  40  3:21  Probe (Chrono Boost)  
  40  3:24  Pylon  
  40  3:25  Probe (Chrono Boost)  
  42  3:32  Probe (Chrono Boost)  
  43  3:34  Oracle (Chrono Boost)  
  43  3:36  Probe  
  47  3:46  Probe  
  47  3:48  Probe  
  49  3:56  Probe  
  49  4:00  Probe  
  51  4:04  Nexus  
  51  4:06  Pylon  
  51  4:07  Probe  
  52  4:12  Probe  
Tags
 
Add a new tag
Caveats
  • Supply blocks, unpowered buildings, or Contaminate may cause inaccurate times.
  • Supply counts are checked every 10 seconds.